 Dungeon Crawl Stone Soup version 0.28.0-43-g3370ac3207 (webtiles) character file.

Game seed: 11075072602599578499

3622 funkygono the Thaumaturge (level 9, -10/59 HPs)
             Began as a Demonspawn Fire Elementalist on Mar 16, 2022.
             Was a Priest of Vehumet.
             Mangled by a komodo dragon (26 damage)
             ... on level 8 of the Dungeon.
             The game lasted 00:14:40 (8769 turns).

funkygono the Thaumaturge (DsFE)                    Turns: 8769, Time: 00:14:41

Health: -10/59     AC: 11    Str:  8    XL:     9   Next: 87%
Magic:  9/21       EV: 12    Int: 22    God:    Vehumet [***...]
Gold:   414        SH:  0    Dex: 13    Spells: 10/25 levels left

rFire   . . .      SeeInvis .   n - +2 long sword (freeze)
rCold   . . .      Faith    .   (no shield)
rNeg    . . .      Spirit   .   g - +3 leather armour {rPois}
rPois   +          Reflect  .   (no helmet)
rElec   .          Harm     .   (no cloak)
rCorr   .          Rampage  .   (no gloves)
Will    .....                   s - +2 pair of boots
Stlth   ++........              (no amulet)
HPRegen 0.19/turn               y - ring of flight
MPRegen 0.17/turn               (no ring)

@: flying
A: claws 2, molten scales 1, spiny 2, demonic magic 1
a: Renounce Religion


You were on level 8 of the Dungeon.
You worshipped Vehumet.
Vehumet was most pleased with you.
You visited 1 branch of the dungeon, and saw 8 of its levels.
You also visited: Sewer.

You collected 414 gold pieces.

Inventory:

Hand Weapons
 n - a +2 long sword of freezing (weapon)
 p - a +3 whip
 v - a +0 falchion of pain
Missiles
 c - 320 stones
 l - 2 throwing nets
Armour
 g - a +3 leather armour of poison resistance (worn)
 q - the +8 chain mail of Space {Str+6 Int+3}
   (You found it on level 3 of the Dungeon)

   Str:       It affects your strength (+6).
   Int:       It affects your intelligence (+3).
 s - a +2 pair of boots (worn)
 z - a +4 scale mail
Magical Staves
 h - a staff of fire
Jewellery
 y - a ring of flight (left claw)
Wands
 o - a wand of polymorph (14)
 t - a wand of iceblast (8)
Scrolls
 a - a scroll of teleportation
 e - 4 scrolls of identify
 m - 4 scrolls of fog
 u - 2 scrolls of immolation
Potions
 b - 4 potions of cancellation
 d - 2 potions of might
 f - 4 potions of heal wounds
 i - a potion of mutation
 j - 5 potions of curing
 k - a potion of ambrosia
 r - 2 potions of brilliance
 x - a potion of lignification


   Skills:
 + Level 1.0 Fighting
 + Level 1.5 Long Blades
 + Level 2.3 Armour
 + Level 2.7 Dodging
 - Level 1.7 Stealth
 + Level 8.6 Spellcasting
 + Level 5.4 Conjurations
 + Level 8.1 Fire Magic


You had 10 spell levels left.
You knew the following spells:

 Your Spells              Type           Power      Damage    Failure   Level
a - Foxfire               Conj/Fire      100%       2x1d9     1%          1
b - Scorch                Fire           90%        2d10      1%          2
c - Conjure Flame         Conj/Fire      39%        6-21      1%          3
d - Flame Wave            Conj/Fire      39%        2d9       1%          4
e - Sandblast             Erth           18%        2d7       2%          1
f - Airstrike             Air            4%         N/A       24%         4

Your spell library contained the following spells:

 Spells                   Type           Power      Damage    Failure   Level
 Magic Dart               Conj           100%       1d8       1%          1
 Searing Ray              Conj           66%        2d6       1%          2
 Static Discharge         Conj/Air       21%        N/A       1%          2
 Inner Flame              Hex/Fire       27%        N/A       1%          3
 Fulminant Prism          Conj/Hex       10%        3d9       9%          4
 Lightning Bolt           Conj/Air       10%        1d23      22%         5
 Summon Cactus Giant      Summ           4%         N/A       100%        6
 Maxwell's Capacitive Co  Air            4%         ∞         100%        8


Dungeon Overview and Level Annotations

Branches:
Dungeon (8/15)             Temple (0/1) D:5            Lair (0/6) D:8
  Sewer (visited)

Altars:
Dithmenos
Fedhas
Okawaru
Ru
Sif Muna
Trog
Vehumet
Wu Jian
Yredelemnul


Innate Abilities, Weirdness & Mutations

You have very sharp fingernails.
You are partially covered in molten scales. (AC +2)
You are mostly covered in sharp spines.
Spells you cast may paralyse adjacent enemies.


Message History

You finish channelling waves of flame.
You hear a shout!
The yak is no longer paralysed.
The yak barely misses you.
The komodo dragon is struck by your spines.
The komodo dragon closely misses you.
Casting: Flame Wave (dangerous; 1% risk of failure)
Confirm with . or Enter, or press ? or * to list all spells.
Casting: Flame Wave (dangerous; 1% risk of failure)
Press: ? - help, Dir - look around, f - activate A wave of flame ripples out!
The flame wave engulfs the yak!
The yak is severely wounded.
The flame wave engulfs the komodo dragon.
The komodo dragon is moderately wounded. (Press . to intensify the flame waves.) Malevolent energies surge around you.
The yak suddenly stops moving!
The komodo dragon bites you.
A wave of flame ripples out!
The flame wave engulfs the yak!
The yak is almost dead.
The flame wave engulfs the komodo dragon.
The komodo dragon is heavily wounded.
The komodo dragon closely misses you.
Unknown command.
A wave of flame ripples out!
The flame wave engulfs the yak!
You kill the yak!
Vehumet accepts your kill.
You feel your power returning.
The flame wave engulfs the komodo dragon.
The komodo dragon is heavily wounded.
You finish channelling waves of flame.
You hear a shout!
The komodo dragon is struck by your spines.
The komodo dragon bites you!
* * * LOW HITPOINT WARNING * * *
Casting: Flame Wave (dangerous; 1% risk of failure)
Confirm with . or Enter, or press ? or * to list all spells.
Flames lash the komodo dragon.
The komodo dragon is severely wounded.
The komodo dragon's fire resistance burns away.
Malevolent energies surge around you. The komodo dragon bites you!!
You die...

#+# #.#.. #.#.#
#.#.# #†#.# #@#.#
. #l#.# . #.#.#
.# #...#######.#
#...h.......# #
#.#.#h......#
..#.#.#.).....###
.P....#†.........
..PP......?..####


You could see a komodo dragon (combustible).

Vanquished Creatures
  2 wyverns
  A yak (D:8)
  A water moccasin (D:5)
  An ice beast (D:5)
  A sky beast (D:7)
  2 necrophages
  5 black bears
  2 ogres
  A centaur (D:7)
  3 phantoms
  4 kobold brigands
  A wyvern zombie (D:7)
  4 scorpions
  5 wights (D:7)
  5 killer bees (D:7)
  A howler monkey (D:8)
  2 hounds
  A centaur zombie (D:7)
  2 jellies (D:6)
  2 orc priests
  A centaur skeleton (D:7)
  3 iguanas (D:6)
  An orc wizard (D:5)
  Natasha (thrice) (D:3)
  A killer bee zombie (D:6)
  11 gnolls
  A howler monkey skeleton (D:4)
  8 adders
  2 white imps
  An adder skeleton (D:4)
  A worm (D:2)
  13 orcs
  6 endoplasms
  6 giant cockroaches
  6 goblins
  7 hobgoblins
  2 jackals (D:3)
  4 quokkas
  9 ball pythons
  2 bats
  7 frilled lizards
  18 kobolds
  6 rats
165 creatures vanquished.

Vanquished Creatures (collateral kills)
  11 foxfires
11 creatures vanquished.

Vanquished Creatures (others)
  532 foxfires
  28 fungi (D:8)
  28 plants
588 creatures vanquished.

Grand Total: 764 creatures vanquished

Notes
Turn   | Place    | Note
-------+----------+-------------------------------------------
     0 | D:1      | funkygono the Demonspawn Fire Elementalist began the quest
                  | for the Orb.
     0 | D:1      | Reached XP level 1. HP: 13/13 MP: 3/3
   339 | D:1      | Gained mutation: You are partially covered in sharp spines.
                  | [demonic ancestry]
   339 | D:1      | Reached XP level 2. HP: 19/19 MP: 3/5
   343 | D:1      | Learned a level 2 spell: Scorch
   563 | D:1      | Found a faded altar of an unknown god.
  1073 | D:2      | Reached XP level 3. HP: 24/24 MP: 3/6
  1077 | D:2      | Learned a level 3 spell: Conjure Flame
  1588 | D:2      | Found a radiant altar of Vehumet.
  1594 | D:2      | Became a worshipper of Vehumet
  2011 | D:3      | Gained mutation: You have sharp fingernails. [demonic
                  | ancestry]
  2011 | D:3      | Reached XP level 4. HP: 27/30 MP: 1/8
  2228 | D:3      | Found an ornate altar of the Wu Jian Council.
  2589 | D:3      | Reached * piety under Vehumet
  2589 | D:3      | Offered knowledge of Freeze by Vehumet.
  2590 | D:3      | Gained mutation: You have very sharp fingernails. [demonic
                  | ancestry]
  2590 | D:3      | Reached XP level 5. HP: 35/35 MP: 5/10
  2641 | D:3      | Found a blossoming altar of Fedhas.
  2643 | D:3      | Found a sacrificial altar of Ru.
  2823 | D:3      | Noticed Natasha
  2828 | D:3      | Killed Natasha
  2856 | D:3      | Noticed Natasha
  2867 | D:3      | Killed Natasha
  3034 | D:3      | Identified the +8 chain mail of Space {Str+6 Int+3}
  3048 | D:3      | Noticed a black bear
  3054 | D:3      | Killed a black bear
  3055 | D:3      | Gained mutation: You are mostly covered in sharp spines.
                  | [demonic ancestry]
  3055 | D:3      | Reached XP level 6. HP: 41/41 MP: 3/12
  3172 | D:3      | Noticed Natasha
  3177 | D:3      | Killed Natasha
  3178 | D:3      | Reached skill level 1 in Armour
  3463 | D:4      | Learned a level 4 spell: Flame Wave
  4038 | D:4      | Identified the +10 short sword of the Sneaky Orbs {protect,
                  | Fly rF+ Will+ Str+4}
  4244 | D:5      | Entered Level 5 of the Dungeon
  4250 | D:5      | Noticed a water moccasin
  4258 | D:5      | Killed a water moccasin
  4259 | D:5      | Reached XP level 7. HP: 43/46 MP: 7/14
  4325 | D:5      | Found a glowing drain.
  4370 | Sewer    | Entered a sewer
  4394 | Sewer    | Reached skill level 5 in Fire Magic
  4516 | Sewer    | Offered knowledge of Sandblast by Vehumet.
  4517 | Sewer    | Reached skill level 5 in Spellcasting
  4518 | Sewer    | Reached ** piety under Vehumet
  4524 | Sewer    | Learned a level 1 spell: Sandblast
  5034 | D:5      | Found a staircase to the Ecumenical Temple.
  5347 | D:5      | Gained mutation: Spells you cast may paralyse adjacent
                  | enemies. [demonic ancestry]
  5347 | D:5      | Reached XP level 8. HP: 52/53 MP: 11/16
  5501 | D:5      | Offered knowledge of Poisonous Vapours by Vehumet.
  5625 | D:5      | Found a shadowy altar of Dithmenos.
  6122 | D:6      | Found a bloodstained altar of Trog.
  6838 | D:6      | Reached *** piety under Vehumet
  6965 | D:6      | Found an iron altar of Okawaru.
  7116 | D:6      | Found a shimmering blue altar of Sif Muna.
  7116 | D:6      | Found a basalt altar of Yredelemnul.
  7424 | D:7      | Reached skill level 1 in Long Blades
  7606 | D:7      | Gained mutation: You are partially covered in molten
                  | scales. (AC +2) [demonic ancestry]
  7606 | D:7      | Reached XP level 9. HP: 46/58 MP: 13/19
  8017 | D:7      | Offered knowledge of Airstrike by Vehumet.
  8081 | D:7      | Reached skill level 5 in Conjurations
  8293 | D:7      | Reached skill level 1 in Fighting
  8549 | D:7      | Learned a level 4 spell: Airstrike
  8614 | D:8      | Found a staircase to the Lair.
  8634 | D:8      | Noticed a komodo dragon
  8769 | D:8      | Mangled by a komodo dragon

Illustrated notes

Levels and vault maps discovered:
D:1:      pf_arrival_petrified_forest, layout_loops_cross,
          shapermc_ecumenical_altar_pompeii
D:2:      layout_basic, basic_altar
D:3:      layout_rooms, amcnicky_altar_gilded, jmf_multi_god_temple,
          uniq_natasha
D:4:      layout_loops_ring, minivault_5
D:5:      layout_loops_corners, nicolae_dithmenos_through_a_glass_darkly,
          minmay_temple_entry_slanted, cheibrodos_sewer_entry_sluice
D:6:      layout_basic, okawaru_ov_weapons_minmay, mainiacjoe_overflow_24_doors,
          amethyst_overflow_temple_binary, kennysheep_generic_room_9
D:7:      layout_basic
D:8:      layout_basic, kennysheep_mini, xom_shifter_show, lemuel_round_altar,
          due_lair_maze_entry_diamond, nrook_campfire, uniq_maggie

Skill      XL: |  1  2  3  4  5  6  7  8  9 |
---------------+----------------------------+-----
Fire Magic     | 3 4 5 6 8 |  8.1
Spellcasting   | 3 4 5 7 8 |  8.6
Dodging        | 2 |  2.7
Conjurations   | 2 3 4 5 |  5.4
Armour         | 1 2 |  2.3
Long Blades    | 1 |  1.5
Fighting       | 1 |  1.0
Stealth        | |  1.7

Action                   |  1- 3 |  4- 6 |  7- 9 || total
-------------------------+-------+-------+-------++-------
Melee: Whip              |     4 |       |       ||     4
       Punch             |     1 |       |       ||     1
       Long sword        |       |     9 |    20 ||    29
 Cast: Foxfire           |    42 |    82 |   192 ||   316
       Scorch            |     7 |    14 |    56 ||    77
       Flame Wave        |       |       |     4 ||     4
  Use: Scroll            |       |    12 |     9 ||    21
 Stab: Paralysed         |       |       |     7 ||     7
Armor: Robe              |     2 |       |       ||     2
       Leather armour    |     3 |    11 |    26 ||    40
Dodge: Dodged            |     9 |    16 |    38 ||    63
